 Dungeon Crawl Stone Soup version 0.29.1-1-gd02db6906a (webtiles) character file.

Game seed: 18076733713894755259

307 Godmorgon the Conjurer (level 6, -17/32 HPs)
             Began as a Tengu Conjurer on Oct 9, 2022.
             Demolished by Duvessa
             ... wielding a +0 short sword
              (19 damage)
             ... on level 3 of the Dungeon.
             The game lasted 00:16:38 (2721 turns).

Godmorgon the Conjurer (Tengu Conjurer)             Turns: 2721, Time: 00:16:38

Health: -17/32     AC:  2    Str:  8    XL:     6   Next: 40%
Magic:  5/13       EV: 14    Int: 20    God:
Gold:   82         SH:  0    Dex: 12    Spells: 8/13 levels left

rFire   . . .      SeeInvis .   a - +1 dagger (protect)
rCold   . . .      Faith    .   (no shield)
rNeg    . . .      Spirit   .   h - +0 robe
rPois   .          Reflect  .   (helmet restricted)
rElec   .          Harm     .   (no cloak)
rCorr   .          Rampage  .   (no gloves)
Will    .....                   (boots unavailable)
Stlth   ++........              d - amulet of magic regeneration
HPRegen 0.10/turn               (no ring)
MPRegen 0.53/turn               (no ring)

@: flying quickly and evasively, quick
A: beak, talons 3, nimble flight
a: no special abilities


You were on level 3 of the Dungeon.
You visited 1 branch of the dungeon, and saw 4 of its levels.

You collected 108 gold pieces.
You spent 26 gold pieces at shops.

Inventory:

Hand Weapons
 a - a +1 dagger of protection (weapon)
Missiles
 g - 7 poisoned darts
Armour
 h - a +0 robe (worn)
Jewellery
 d - an amulet of magic regeneration (around neck)
 f - a ring of ice
Wands
 k - a wand of roots (2)
Scrolls
 c - 3 scrolls of amnesia {unknown}
 e - a scroll of vulnerability {unknown}
 j - 2 scrolls of fear {unknown}
 l - a scroll of fog {unknown}
 m - a scroll of poison {unknown}
 o - 2 scrolls of identify {unknown}
 p - a scroll of blinking {unknown}
Potions
 b - 2 potions of magic
 i - 3 potions of curing {unknown}
 n - 2 potions of might {unknown}
 q - a potion of degeneration {unknown}
 r - a potion of flight {unknown}


   Skills:
 - Level 2.1 Dodging
 - Level 2.0 Stealth
 * Level 4.0 Spellcasting
 + Level 6.4 Conjurations
 * Level 3.5 Air Magic
 * Level 2.5 Poison Magic


You had 8 spell levels left.
You knew the following spells:

 Your Spells              Type           Power      Damage    Failure   Level
d - Magic Dart            Conj           100%       1d8       1%          1
p - Poisonous Vapours     Pois/Air       32%        N/A       5%          2
s - Searing Ray           Conj           58%        2d6       1%          2

Your spell library contained the following spells:

 Spells                   Type           Power      Damage    Failure   Level
 Dazzling Flash           Conj/Hex       32%        N/A       11%         3
 Blink                    Tloc           8%         N/A       19%         2
 Fulminant Prism          Conj/Hex       8%         3d7       34%         4
 Iskenderun's Mystic Bla  Conj/Tloc      16%        2d5       34%         4
 Lesser Beckoning         Tloc           4%         N/A       36%         3
 Corpse Rot               Necr/Pois/Air  12%        N/A       50%         4
 Manifold Assault         Tloc           4%         N/A       98%         5


Dungeon Overview and Level Annotations

Branches:
Dungeon (4/15)
 Temple: D:4-7

Altars:

Shops:
D:1 *   D:3 [

Annotations:
D:3 Duvessa


Innate Abilities, Weirdness & Mutations

You have a beak for a mouth.
You have claws for feet.
Your magical nature lets you fly swiftly and evasively.


Message History

Duvessa, Sister of Dowan comes into view.
She is wielding a +0 short sword.
Duvessa goes berserk!
You hear a shout!
There is a stone staircase leading up here.
Duvessa closely misses you. x2
You fly upwards.
There is a stone staircase leading down here.
Casting: Searing Ray (safe; 1% risk of failure)
Confirm with . or Enter, or press ? or * to list all spells.
Aiming: Searing Ray (safe; 1% risk of failure)
Press: ? - help, Shift-Dir - straight line, f - Duvessa
Aim: Duvessa, wielding a +0 short sword and wearing a +0 chain mail (berserk, 87% to hit)
The searing ray hits Duvessa.
Duvessa is lightly wounded. (Press . to maintain the ray.) Duvessa hits you with a +0 short sword.
The searing ray hits Duvessa but does no damage.
Duvessa is lightly wounded.
Duvessa hits you with a +0 short sword! x2
The searing ray hits Duvessa!
Duvessa is moderately wounded.
Duvessa closely misses you.
The searing ray hits Duvessa!
Duvessa is heavily wounded.
You finish channelling your searing ray.
Duvessa hits you with a +0 short sword!
* * * LOW HITPOINT WARNING * * *
Duvessa closely misses you.
Okay, then.
Casting: Searing Ray (safe; 1% risk of failure)
Confirm with . or Enter, or press ? or * to list all spells.
Aiming: Searing Ray (safe; 1% risk of failure)
Press: ? - help, Shift-Dir - straight line, f/p - Duvessa
Aim: Duvessa, wielding a +0 short sword and wearing a +0 chain mail (heavily wounded, berserk, 87% to hit)
The searing ray hits Duvessa but does no damage.
Duvessa is heavily wounded. (Press . to maintain the ray.) Duvessa hits you with a +0 short sword!!
Ouch! That really hurt!
You die...

...........†.........##..........
.........).....########..........
...............#....#.).########.
...............#....#.#..........
#######....##'##......#..........
#...)'..##.....##..........
#....##.##....###..........
####....#.<.#....# #..........
####.......#...e@.).# #..........
.....##....#...#....# ###########
.....#####.#...#....# .....#
#.#...#....# .....# #..........#
.....# #.......#### .....#
#.......# ....## #.#####.# ....#
#.#####<#


You could see Duvessa (berserk).

Vanquished Creatures
  Dowan (D:4)
  2 orc wizards (D:3)
  Natasha (thrice) (D:2)
  4 adders
  3 worms
  A dart slug (D:2)
  6 orcs (D:3)
  3 ball pythons
  6 bats
  11 endoplasms
  2 giant cockroaches
  6 goblins
  6 hobgoblins
  3 jackals (D:1)
  4 kobolds
  3 quokkas
  14 frilled lizards
  6 rats
84 creatures vanquished.

Notes
Turn   | Place    | Note
-------+----------+-------------------------------------------
     0 | D:1      | Godmorgon the Tengu Conjurer began the quest for the Orb.
     0 | D:1      | Reached XP level 1. HP: 10/10 MP: 4/4
   107 | D:1      | Reached XP level 2. HP: 15/15 MP: 3/6
   329 | D:1      | Learned a level 2 spell: Searing Ray
   512 | D:1      | Reached XP level 3. HP: 19/19 MP: 6/8
   626 | D:1      | Found Yskipa's Assorted Antiques.
   632 | D:1      | Bought a scroll labelled KOICRU PAVU for 26 gold pieces
   731 | D:2      | Learned a level 2 spell: Poisonous Vapours
   905 | D:2      | Reached skill level 1 in Air Magic
  1005 | D:2      | Reached XP level 4. HP: 24/24 MP: 6/9
  1204 | D:2      | Noticed Natasha
  1208 | D:2      | Killed Natasha
  1209 | D:2      | Reached skill level 1 in Poison Magic
  1386 | D:2      | Reached skill level 6 in Conjurations
  1447 | D:2      | Noticed Natasha
  1451 | D:2      | Killed Natasha
  1452 | D:2      | Gained mutation: Your magical nature lets you fly swiftly
                  | and evasively. [Tengu growth]
  1452 | D:2      | Reached XP level 5. HP: 28/28 MP: 7/11
  1705 | D:2      | Noticed Natasha
  1710 | D:2      | Killed Natasha
  1802 | D:3      | Found Jalossad's Armour Emporium.
  2283 | D:3      | Reached XP level 6. HP: 32/32 MP: 9/12
  2437 | D:3      | Found a faded altar of an unknown god.
  2702 | D:4      | Noticed Dowan
  2711 | D:4      | Killed Dowan
  2713 | D:4      | Noticed Duvessa
  2721 | D:3      | Demolished by Duvessa

Illustrated notes

Levels and vault maps discovered:
D:1:      minmay_arrival_open_corners, layout_rooms, serial_shops, shop_statue
D:2:      layout_basic, minmay_lizard_pond, uniq_natasha
D:3:      layout_basic, serial_shops, shop, ebering_ecumenical_altar_box,
          minmay_joined_circles
D:4:      layout_rooms, minmay_temple_entry_offerings, serial_shops, shop,
          serial_park_tiny_2, uniq_duvessa

Skill      XL: |  1  2  3  4  5  6 |
---------------+-------------------+-----
Spellcasting   | 3 4 |  4.0
Air Magic      | 1 2 3 |  3.5
Poison Magic   | 1 2 |  2.5
Conjurations   | 6 |  6.4
Dodging        | |  2.1
Stealth        | |  2.0

Action                   |  1- 3 |  4- 6 || total
-------------------------+-------+-------++-------
Melee: Unarmed           |     2 |       ||     2
       Kick              |     1 |       ||     1
       Dagger            |       |     5 ||     5
 Cast: Magic Dart        |    57 |    33 ||    90
       Searing Ray       |     9 |    23 ||    32
       Poisonous Vapours |       |     1 ||     1
Armor: Robe              |     2 |     5 ||     7
Dodge: Dodged            |     4 |    11 ||    15
